 Dungeon Crawl Stone Soup version 0.27-a0-1532-gca18f49f40 (webtiles) character file.

Game seed: 17833810055657251529

9 lunkers the Skirmisher (level 2, 0/31 HPs)
             Began as an Ogre Warper on July 12, 2021.
             Slain by a gnoll (8 damage)
             ... on level 1 of the Dungeon.
             The game lasted 00:00:35 (434 turns).

lunkers the Skirmisher (Ogre Warper)                 Turns: 434, Time: 00:00:35

Health: 0/31       AC:  3    Str: 14    XL:     2   Next: 16%
Magic:  5/5        EV:  9    Int: 14    God:
Gold:   20         SH:  0    Dex:  8    Spells: 5/5 levels left

rFire    . . .     SeeInvis .   a - +0 mace
rCold    . . .     Faith    .   (no shield)
rNeg     . . .     Spirit   .   b - +0 robe
rPois    .         Reflect  .   (helmet restricted)
rElec    .         Harm     .   (no cloak)
rCorr    .         Rampage  .   (gloves unavailable)
Will     .....                  (boots unavailable)
Stlth    +.........             (no amulet)
HPRegen  0.10/turn              (no ring)
MPRegen  0.09/turn              (no ring)

@: no status effects
A: large, unfitting armour, tough skin 1
a: no special abilities


You were on level 1 of the Dungeon.
You visited 1 branch of the dungeon, and saw 1 of its levels.

You collected 20 gold pieces.

Inventory:

Hand Weapons
 a - a +0 mace (weapon)
Missiles
 d - 5 boomerangs of dispersal
Armour
 b - a +0 robe (worn)
Scrolls
 c - a scroll of blinking
Potions
 e - 2 potions of ambrosia {unknown}
 f - a potion of flight {unknown}


   Skills:
 + Level 3.1 Fighting
 * Level 2.3 Maces & Flails
 - Level 1.0 Throwing
 - Level 2.1 Dodging
 - Level 2.4 Spellcasting
 - Level 2.6 Translocations


You had 5 spell levels left.
You didn't know any spells.
Your spell library contained the following spells:

 Spells                   Type           Power      Damage    Failure   Level
 Blink                    Tloc           N/A        N/A       12%         2
 Gell's Gravitas          Tloc           4%         N/A       22%         3
 Lesser Beckoning         Tloc           4%         N/A       22%         3
 Teleport Other           Tloc           9%         N/A       22%         3
 Manifold Assault         Tloc           9%         N/A       91%         5


Dungeon Overview and Level Annotations

Branches:
Dungeon (1/15)

Altars:


Innate Abilities, Weirdness & Mutations

You are too large for most types of armour.
You have tough skin. (AC +1)


Message History

The kobold hits you with a +0 club.
The gnoll shouts!
You sock the kobold!
You kill the kobold!
A hobgoblin comes into view.
The gnoll hits you with a +0 flail!
* * * LOW HITPOINT WARNING * * *
Found a scroll labelled LYCRIA ERUSH.
You see here a +0 club.
You aren't carrying any items that you can evoke.
Unknown command.
You hit the gnoll.
The gnoll is heavily wounded.
The gnoll hits you with a +0 flail.
* * * LOW HITPOINT WARNING * * *
The gnoll closely misses you.
You barely miss the gnoll.
The gnoll is heavily wounded.
The gnoll barely misses you.
You closely miss the gnoll.
The gnoll is heavily wounded.
The gnoll barely misses you.
You hit the gnoll.
The gnoll is heavily wounded.
The gnoll barely misses you.
You barely miss the gnoll.
The gnoll is heavily wounded.
The gnoll misses you. The gnoll hits you with a +0 flail.
* * * LOW HITPOINT WARNING * * *
You barely miss the gnoll.
The gnoll is heavily wounded.
The gnoll barely misses you.
You hit the gnoll but do no damage.
The gnoll is heavily wounded.
The gnoll hits you with a +0 flail.
* * * LOW HITPOINT WARNING * * *
You hit the gnoll.
The gnoll is almost dead.
The gnoll hits you with a +0 flail!
You die...

.#.≈≈..<≈.≈≈...#...#
.#.≈≈≈...≈.≈.#)#...#
##.≈≈≈≈≈≈≈≈..#.#...#
##..≈≈≈≈≈≈≈≈.###...#
#...≈≈≈≈≈....##..##
#.≈.≈≈≈≈≈..≈...##.###
#....≈≈≈≈..≈≈.##.)..#
#...#.....≈≈..#...#.#
...##..#..≈≈..#.@.#.#
#..####..≈≈.##.g.#.#
###..#.##.≈..#>...#.###
..##...####.##.#..#...#
#..##..######.....###.#
##.............#..# #.#
##.###..####..#..###.#
#.# #...............#
#.......###..#.#.####


You could see a gnoll.

Vanquished Creatures
  A ball python (D:1)
  2 bats (D:1)
  An endoplasm (D:1)
  2 goblins (D:1)
  A kobold (D:1)
  A rat (D:1)
8 creatures vanquished.

Notes
Turn   | Place    | Note
-------+----------+-------------------------------------------
     0 | D:1      | lunkers the Ogre Warper began the quest for the Orb.
     0 | D:1      | Reached XP level 1. HP: 22/22 MP: 3/3
   183 | D:1      | Reached skill level 3 in Fighting
   254 | D:1      | Reached XP level 2. HP: 24/31 MP: 5/5
   434 | D:1      | Slain by a gnoll

Illustrated notes

Levels and vault maps discovered:
D:1:      dpeg_arrival_subterranean_lakeside_camping, layout_basic,
          ebering_ecumenical_altar_petrified

Skill      XL: |  1 |
---------------+----+-----
Maces & Flails | 2 |  2.3
Fighting       | 3 |  3.1
Throwing       | |  1.0
Dodging        | |  2.1
Spellcasting   | |  2.4
Translocations | |  2.6

Action                   || total
-------------------------++-------
Melee: Mace              ||    30
Armor: Robe              ||    16
Dodge: Dodged            ||    26

Table legend: (Time is in decaauts)
 A = Elapsed time spent in this place.
 B = Non-inter-level travel time spent in this place.
 C = Inter-level travel time spent in this place.
 D = Time resting spent in this place.
 E = Time spent auto-exploring this place.
 F = Levels seen in this place.
 G = Mean time per level.
                   A        B        C        D        E       F      G
               +--------+--------+--------+--------+--------+-----+--------+
         Total |    442 |    442 |      0 |      0 |    317 |   1 |  442.0 |
       Dungeon |    442 |    442 |      0 |      0 |    317 |   1 |  442.0 |
               +--------+--------+--------+--------+--------+-----+--------+

Top non-repeatable levels by time:
     D:1: 442 daAuts
